 Dungeon Crawl Stone Soup version 0.29-a0-559-g359e09b9d1 (webtiles) character file.

Game seed: 3986307900327662197

450 MylesGorder the Skirmisher (level 6, -2/55 HPs)
             Began as a Draconian Fighter on June 9, 2022.
             Splashed by a jelly's acid (10 damage)
             ... on level 4 of the Dungeon.
             The game lasted 00:06:09 (4685 turns).

MylesGorder the Skirmisher (Draconian Fighter)      Turns: 4685, Time: 00:06:11

Health: -2/55      AC: -10   Str: 20    XL:     6   Next: 74%
Magic:  6/6        EV: 12    Int:  9    God:
Gold:   169        SH:  4    Dex: 10    Spells: 5/5 levels left

rFire   . . .      SeeInvis .   a - +0 flail
rCold   . . .      Faith    .   b - +0 buckler
rNeg    . . .      Spirit   .   (body armour unavailable)
rPois   .          Reflect  .   (helmet restricted)
rElec   .          Harm     .   (no cloak)
rCorr   .          Rampage  .   (no gloves)
Will    .....                   (no boots)
Stlth   +.........              (no amulet)
HPRegen 0.18/turn               (no ring)
MPRegen 0.10/turn               (no ring)

@: corroded
A: AC +6, unfitting armour, cold-blooded
a: no special abilities


You were on level 4 of the Dungeon.
You visited 1 branch of the dungeon, and saw 4 of its levels.

You collected 169 gold pieces.

Inventory:

Hand Weapons
 a - a +0 flail (weapon)
Armour
 b - a +0 buckler (worn)
 e - a +3 leather armour of positive energy
Scrolls
 h - a scroll of noise
 l - a scroll of immolation {unknown}
 n - a scroll of fear
 p - a scroll of teleportation
 r - 2 scrolls of summoning
Potions
 c - a potion of might
 d - a potion of brilliance {unknown}
 f - a potion of haste {unknown}
 g - a potion of lignification
 i - a potion of mutation {unknown}
 j - 2 potions of degeneration {unknown}
 k - a potion of cancellation {unknown}
 m - a potion of berserk rage {unknown}
 o - 2 potions of flight
 q - a potion of heal wounds {unknown}


   Skills:
 + Level 4.9 Fighting
 + Level 4.6 Maces & Flails
 + Level 3.9 Dodging
 - Level 1.0 Stealth
 + Level 4.1 Shields


You had 5 spell levels left.
You didn't know any spells.
Your spell library contained the following spells:

 Spells                   Type           Power      Damage    Failure   Level
 Sting                    Tmut/Pois      0%         1d3       45%         1
 Poisonous Vapours        Pois/Air       0%         N/A       61%         2
 Conjure Flame            Conj/Fire      0%         6-21      83%         3
 Ignite Poison            Fire/Tmut/Pois 0%         N/A       83%         3
 Olgreb's Toxic Radiance  Pois           0%         N/A       99%         4
 Sticky Flame             Conj/Fire      0%         2d3       99%         4


Dungeon Overview and Level Annotations

Branches:
Dungeon (4/15)
 Temple: D:4-7

Altars:

Annotations:
D:4 2 runed translucent doors


Innate Abilities, Weirdness & Mutations

Your plain brown scales are hard. (AC +6)
You cannot fit into any form of body armour.
You are cold-blooded and may be slowed by cold attacks.


Message History

The kobold hits you with a +0 short sword.
The kobold barely misses you.
You closely miss the kobold.
The jelly quivers.
The kobold hits you but does no damage.
You barely miss the kobold. You block the kobold's attack.
You sock the kobold!
You kill the kobold!
The jelly closely misses you.
Found an escape hatch in the ceiling.
The jelly barely misses you.
Things that are here:
a +0 short sword; a kobold corpse You block the jelly's attack.
The jelly hits you.
You are splashed with acid!
You hit the jelly. The acid corrodes you!
Your hands burn!
The jelly is lightly wounded.
The jelly jiggles.
The jelly closely misses you.
You hit the jelly.
Your hands burn!
The jelly is moderately wounded.
The jelly hits you.
You are splashed with acid!
You barely miss the jelly.
The jelly is moderately wounded.
The jelly closely misses you. x2
You hit the jelly. The acid corrodes you!
Your hands burn!
You tail-slap the jelly.
The jelly is heavily wounded.
The jelly hits you. The acid corrodes you!
You are splashed with acid!
You hit the jelly but do no damage.
Your hands burn!
* * * LOW HITPOINT WARNING * * *
You tail-slap the jelly, but do no damage.
The jelly is heavily wounded.
The jelly barely misses you.
You hit the jelly.
Your hands burn!
* * * LOW HITPOINT WARNING * * *
The jelly is severely wounded.
The jelly hits you.
* * * LOW HITPOINT WARNING * * *
The acid corrodes you!
You are splashed with acid!
You die...

≈≈≈###..# #.####># ........# .
##. #.# ........##. .....##†####
≈≈........ #.......#####
..≈.....# ### .####.........
..≈.....# #.#.. ..........#####
≈≈......# #.#.# .########## #
⌠.......# #.#.##.# #
..≈≈†..######...@..###
≈≈..≈........##)J....#
....≈..##........###<#
..≈≈.............#.#.##
.≈≈.......)...?........
≈≈≈###÷...........?..##
≈≈###.÷#.............#
####.(.÷.......#.....#
#.#...#.#########.......########


You could see a jelly.

Vanquished Creatures
  Grinder (D:3)
  A hound (D:4)
  An orc priest (D:3)
  An iguana (D:4)
  An orc wizard (D:3)
  A gnoll (D:1)
  3 river rats (D:3)
  6 adders
  2 worms
  2 dart slugs (D:3)
  3 orcs (D:3)
  7 endoplasms
  A giant cockroach (D:4)
  A goblin (D:1)
  5 hobgoblins
  4 quokkas
  6 ball pythons
  10 bats
  4 frilled lizards
  7 kobolds
  7 rats
  A spectral goblin (D:2)
75 creatures vanquished.

Notes
Turn   | Place    | Note
-------+----------+-------------------------------------------
     0 | D:1      | MylesGorder the Draconian Fighter began the quest for the
                  | Orb.
     0 | D:1      | Reached XP level 1. HP: 19/19 MP: 1/1
   588 | D:1      | Reached XP level 2. HP: 8/27 MP: 2/2
  1246 | D:1      | Reached XP level 3. HP: 32/33 MP: 3/3
  1820 | D:2      | Found a faded altar of an unknown god.
  1953 | D:3      | Reached XP level 4. HP: 7/40 MP: 4/4
  2524 | D:3      | Reached XP level 5. HP: 15/46 MP: 2/5
  3410 | D:3      | Noticed Grinder
  3422 | D:3      | Paralysed by Grinder for 4 turns
  3429 | D:3      | Paralysed by Grinder for 2 turns
  3443 | D:3      | Paralysed by Grinder for 2 turns
  3448 | D:3      | Paralysed by Grinder for 4 turns
  3709 | D:3      | Killed Grinder
  3710 | D:3      | Reached XP level 6. HP: 42/55 MP: 6/6
  4246 | D:4      | Reached skill level 1 in Stealth
  4303 | D:4      | Found a large runed translucent door.
  4304 | D:4      | Found a large runed translucent door.
  4685 | D:4      | Splashed by a jelly's acid

Illustrated notes

Levels and vault maps discovered:
D:1:      sevenhm_arrival_forest_fort_small_3, layout_basic
D:2:      layout_rooms, dreamdust_ecumenical_altar_drowned_temple
D:3:      layout_basic, lightli_sewer_entry_pipes, kennysheep_generic_room_14,
          uniq_grinder
D:4:      cheibrodos_helix_gallery, layout_loops_cross, jmf_multi_god_temple2

Skill      XL: |  1  2  3  4  5  6 |
---------------+-------------------+-----
Fighting       | 4 |  4.9
Dodging        | 3 |  3.9
Maces & Flails | 3 4 |  4.6
Shields        | 4 |  4.1
Stealth        | 1 |  1.0

Action                   |  1- 3 |  4- 6 || total
-------------------------+-------+-------++-------
Melee: Flail             |   109 |   172 ||   281
       Tailslap          |    10 |    13 ||    23
  Use: Scroll            |     3 |     3 ||     6
 Stab: Sleeping          |       |     2 ||     2
Armor: Skin              |    46 |    63 ||   109
Dodge: Dodged            |    86 |   146 ||   232
Block: Buckler           |    31 |    48 ||    79

Table legend: (Time is in decaauts)
 A = Elapsed time spent in this place.
 B = Non-inter-level travel time spent in this place.
 C = Inter-level travel time spent in this place.
 D = Time resting spent in this place.
 E = Time spent auto-exploring this place.
 F = Levels seen in this place.
 G = Mean time per level.
                   A        B        C        D        E       F      G
               +--------+--------+--------+--------+--------+-----+--------+
         Total |   4820 |   4744 |     76 |    588 |   3303 |   4 | 1205.0 |
       Dungeon |   4820 |   4744 |     76 |    588 |   3303 |   4 | 1205.0 |
               +--------+--------+--------+--------+--------+-----+--------+

Top non-repeatable levels by time:
     D:3: 2142 daAuts
     D:1: 1374 daAuts
     D:4: 707 daAuts
     D:2: 597 daAuts
